Map: 环轨星港

Players

iGiA (iAsonu) - Winner!

  • Race: Zerg Zerg
  • League: Master

iGXiGua

  • Race: Zerg Zerg
  • League: Master

Event: GPL 2015 - Grand Finals

VOD

Have the link to the VOD?

Description

Time

  • Played on: Jan. 22, 2016, 9:17 p.m.
  • Length: 7:02

All games in this series

Show
View Real Time Build Order
Export as new Build Order

iGiA Zerg - Winner!

Build Orders: Hatch First, Zergling Baneling 

Get SALT Encoding   

  12  0:01  Drone  
  13  0:12  Overlord  
  13  0:17  Drone  
  14  0:31  Drone x2  
  14  0:34  Drone  
  17  0:47  Drone  
  18  0:54  Hatchery  
  17  0:59  Drone  
  17  1:02  Extractor  
  17  1:14  Drone, Spawning Pool  
  17  1:18  Drone  
  18  1:30  Drone  
  19  1:39  Overlord  
  19  2:00  Queen  
  19  2:01  Zergling x4  
  23  2:05  Metabolic Boost  
  23  2:06  Queen  
  23  2:07  Drone  
  26  2:11  Drone  
  27  2:18  Drone  
  27  2:21  Drone  
  29  2:26  Baneling Nest  
  29  2:29  Drone  
  29  2:32  Drone  
  30  2:39  Drone  
  31  2:48  Hatchery  
  31  2:49  Drone  
  31  2:55  Drone  
  31  2:58  Overlord  
  32  3:01  Drone  
  32  3:04  Drone  
  34  3:10  Drone  
  34  3:11  Baneling, Drone  
  36  3:16  Overlord  
  36  3:17  Drone  
  36  3:19  Drone x2  
  40  3:20  Drone  
  40  3:24  Overlord  
  40  3:26  Drone  
  41  3:29  Drone  
  42  3:34  Queen  
  42  3:36  Drone  
  45  3:41  Lair  
  45  3:44  Drone  
  45  3:45  Drone  
  45  3:46  Baneling  
  45  3:48  Extractor, Drone  
  46  3:49  Extractor  
  46  3:54  Roach Warren  
  45  4:01  Drone  
  45  4:02  Drone  
  47  4:03  Drone  
  47  4:06  Drone  
  47  4:07  Drone  
  47  4:08  Drone x2  
  52  4:12  Overlord  
  51  4:18  Drone  
  51  4:19  Baneling  
  51  4:20  Zergling x4  
  51  4:21  Queen  
  51  4:23  Zergling x2  
  57  4:24  Zergling x2  
  57  4:30  Zergling x2, Spine Crawler  
  58  4:34  Zergling x4  
  58  4:36  Zergling x2  
  61  4:41  Zergling x4  
  61  4:42  Baneling x3  
  61  4:43  Baneling  
  61  4:44  Roach  
  61  4:45  Roach  
  65  4:48  Roach, Glial Reconstitution  
  65  4:50  Zergling x2  
  66  4:53  Roach, Baneling  
  66  4:56  Roach  
  66  4:59  Roach  
  69  5:01  Roach  
  69  5:05  Roach, Drone  
  73  5:07  Overlord  
  73  5:11  Overlord  
  73  5:12  Overlord  
  73  5:20  Overlord  
  73  5:27  Roach  
  73  5:28  Drone x2  
  68  5:31  Roach x2  
  68  5:32  Drone  
  73  5:36  Roach  
  73  5:39  Roach  
  77  5:43  Roach  
  77  5:46  Roach  
  77  5:48  Roach  
  83  5:51  Roach  
  83  5:53  Roach  
  83  5:56  Roach  
  88  6:00  Roach  
  88  6:02  Roach  
  88  6:04  Roach  
  94  6:06  Roach  
  94  6:10  Roach  
  97  6:11  Overlord  
  97  6:16  Roach  
  99  6:21  Roach x2  
  103  6:27  Roach  
  103  6:28  Evolution Chamber  
  103  6:29  Overlord  
  103  6:31  Overlord  
  104  6:35  Baneling  
  104  6:36  Overlord  
  104  6:40  Overlord  
Show
View Real Time Build Order
Export as new Build Order

iGXiGua Zerg 

Build Orders: Hatch First, Zergling Baneling 

Get SALT Encoding   

  12  0:01  Drone  
  13  0:12  Overlord  
  13  0:17  Drone  
  14  0:30  Drone x2  
  14  0:34  Drone  
  17  0:52  Hatchery  
  17  0:54  Drone  
  17  0:57  Drone  
  17  1:02  Extractor  
  17  1:13  Spawning Pool  
  17  1:16  Drone  
  17  1:19  Drone  
  18  1:28  Drone  
  19  1:38  Overlord  
  19  1:49  Drone  
  20  1:59  Queen  
  20  2:00  Zergling x2  
  23  2:03  Queen  
  23  2:04  Metabolic Boost  
  23  2:06  Drone  
  26  2:12  Drone  
  27  2:16  Drone  
  28  2:24  Baneling Nest  
  28  2:25  Drone  
  28  2:29  Zergling x2  
  29  2:33  Zergling x2  
  30  2:38  Drone  
  30  2:44  Overlord  
  31  2:47  Drone  
  32  2:55  Drone  
  32  3:00  Hatchery  
  32  3:02  Drone  
  32  3:09  Baneling  
  32  3:11  Drone x2  
  32  3:12  Drone x2  
  36  3:16  Drone x2  
  36  3:19  Drone  
  39  3:20  Drone  
  39  3:26  Overlord  
  40  3:28  Drone  
  41  3:36  Queen  
  41  3:41  Overlord  
  43  3:47  Zergling x8, Evolution Chamber  
  46  3:50  Overlord  
  46  3:53  Zergling x2  
  46  3:54  Zergling x2  
  48  3:58  Zergling x4  
  50  4:03  Zergling x4  
  52  4:11  Zergling x2  
  52  4:16  Zergling x8  
  52  4:17  Zergling x2  
  58  4:21  Zergling x8  
  61  4:25  Zergling x2  
  61  4:26  Baneling  
  61  4:28  Baneling x3  
  61  4:29  Zerg Missile Weapons Level 1  
  61  4:30  Zergling x2  
  63  4:35  Zergling x4  
  65  4:41  Zergling x2  
  65  4:43  Zergling x2  
  65  4:44  Zergling x2  
  61  4:53  Zergling x4  
  61  4:56  Zergling x2  
  61  4:58  Baneling x6  
  61  4:59  Drone x6  
  66  5:05  Overlord  
  63  5:10  Roach Warren, Drone  
  63  5:11  Drone  
  64  5:16  Drone  
  64  5:19  Drone  
  64  5:20  Drone  
  64  5:27  Drone  
  62  5:28  Extractor  
  62  5:29  Extractor  
  62  5:34  Drone x2  
  60  5:39  Drone  
  60  5:42  Drone  
  62  5:43  Drone x8  
  62  5:47  Lair  
  62  5:49  Drone  
  70  5:50  Drone  
  70  5:54  Drone  
  70  5:56  Drone  
  72  6:06  Roach x2  
  72  6:08  Overlord x3  
  72  6:13  Extractor x2, Overlord  
  72  6:14  Overlord  
  72  6:16  Roach  
  72  6:17  Spine Crawler  
  71  6:19  Roach  
  71  6:21  Overlord  
  71  6:24  Overlord  
  74  6:25  Roach  
  74  6:27  Roach x3  
  74  6:30  Roach  
  81  6:37  Roach  
  82  6:40  Roach x2  
  82  6:41  Roach x2  
  82  6:42  Roach  
Tags
 
Add a new tag
Caveats
  • Supply blocks, unpowered buildings, or Contaminate may cause inaccurate times.
  • Supply counts are checked every 10 seconds.